 Dungeon Crawl Stone Soup version 0.23.2-40-g277498a001 (webtiles) character file.

Game seed: 13062410838497898045

126 Emblim88 the Ducker (level 4, -1/34 HPs)
             Began as a Vampire Gladiator on Aug 18, 2019.
             Slain by a gnoll
             ... wielding a +0 flail
              (2 damage)
             ... on level 4 of the Dungeon.
             The game lasted 00:05:39 (2412 turns).

Emblim88 the Ducker (Vampire Gladiator)             Turns: 2412, Time: 00:05:39

Health: -1/34      AC:  4    Str: 13      XL:     4   Next: 84%
Magic:  4/4        EV: 14    Int: 10      God:
Gold:   130        SH:  0    Dex: 15 (16) Spells: 3/3 levels left

rFire    . . .     SeeInvis +   a - +0 long sword
rCold    + . .     Gourm    .   (no shield)
rNeg     + + .     Faith    .   b - +0 leather armour
rPois    +         Spirit   .   c - +0 helmet
rElec    .         Reflect  .   (no cloak)
rCorr    .         Harm     .   (no gloves)
MR       .....     Rnd*Tele +   (no boots)
Stlth    ++++......             (no amulet)
HPRegen  0.05/turn              l - ring of teleportation (curse)
MPRegen  0.09/turn              o - ring of stealth

@: regenerating slowly
A: fangs 3, see invisible, unbreathing
a: Bat Form


You were on level 4 of the Dungeon.
You were thirsty.

You visited 1 branch of the dungeon, and saw 5 of its levels.

You collected 130 gold pieces.

Inventory:

Hand Weapons
 a - a +0 long sword (weapon)
 n - a +0 hunting sling of freezing
 p - a cursed -2 hunting sling
Missiles
 d - 5 throwing nets (quivered)
Armour
 b - a +0 leather armour (worn)
 c - a +0 helmet (worn)
Jewellery
 l - a cursed ring of teleportation (left hand)
 o - a ring of stealth (right hand)
Scrolls
 g - a scroll of remove curse {unknown}
 h - a scroll of enchant armour {unknown}
 j - 3 scrolls of teleportation
 m - a scroll of identify {unknown}
Potions
 e - 11 potions of blood
 f - a potion of flight {unknown}
 i - a potion of berserk rage {unknown}
 k - 2 potions of curing {unknown}
 q - a potion of degeneration {unknown}


   Skills:
 + Level 2.4 Fighting
 * Level 4.0 Long Blades
 - Level 1.5 Throwing
 * Level 4.4 Dodging
 * Level 3.0 Stealth


You had 3 spell levels left.
You didn't know any spells.
Your spell library was empty.

Dungeon Overview and Level Annotations

Branches:
Dungeon (5/15)
 Temple: D:4-7

Altars:


Innate Abilities, Weirdness & Mutations

You heal slowly.
You have razor-sharp teeth.
You have supernaturally acute eyesight. (SInv)
You can survive without breathing.


Message History

The orc priest shouts!
The orc shouts!
The orc priest shouts!
You hear a shout!
The orc shouts!
You climb upwards.
The gnoll closely misses you.
You riposte.
You completely miss the gnoll. The gnoll barely misses you.
A gnoll comes into view. It is wielding a -1 halberd.
There is a stone staircase leading down here.
The gnoll is no longer moving quickly.
The gnoll misses you. The gnoll hits you.
* * * LOW HITPOINT WARNING * * *
Found 12 gold pieces.
The gnoll hits you.
* * * LOW HITPOINT WARNING * * *
The gnoll shaman calls upon its god to speed up the gnoll.
The gnoll seems to speed up.
The gnoll shouts!
The gnoll barely misses you.
The gnoll shaman calls upon its god to speed up the gnoll.
The gnoll seems to speed up.
The gnoll barely misses you. The gnoll hits you with a +0 flail.
You die...

#.# #.#
################# #.#
................# #.#
........g.......####.###
......$@g..g..>......#)g
................#....#g#
.........g......#......#
................#...###.
................#...# .
................#...# .
................###g# .
................# #.# .
........# #g# ##


You could see a gnoll shaman and 3 gnolls.

Vanquished Creatures
  A worker ant (D:4)
  Robin (D:2)
  3 adders (D:2)
  A dart slug (D:3)
  3 giant cockroaches
  17 goblins
  6 hobgoblins
  4 jackals (D:3)
  6 kobolds
  2 quokkas (D:3)
  2 ball pythons (D:2)
  8 bats
  3 frilled lizards
  2 rats
59 creatures vanquished.

Notes
Turn   | Place    | Note
-------+----------+-------------------------------------------
     0 | D:1      | Emblim88 the Vampire Gladiator began the quest for the Orb.
     0 | D:1      | Reached XP level 1. HP: 16/16 MP: 1/1
   228 | D:1      | Reached XP level 2. HP: 9/22 MP: 2/2
   241 | D:1      | Reached skill level 1 in Stealth
  1045 | D:2      | Reached XP level 3. HP: 27/27 MP: 3/3
  1245 | D:2      | Noticed Robin
  1252 | D:2      | Killed Robin
  1385 | D:2      | Reached XP level 4. HP: 24/33 MP: 4/4
  2402 | D:5      | Entered Level 5 of the Dungeon
  2407 | D:4      | HP: 1/34 [gnoll (5)]
  2412 | D:4      | Slain by a gnoll

Skill      XL: |  1  2  3  4 |
---------------+-------------+-----
Stealth        | 1 2 3 |  3.0
Fighting       | 2 |  2.4
Dodging        | 4 |  4.4
Long Blades    | 4 |  4.0
Throwing       | |  1.5

Action                   |  1- 3 |  4- 6 || total
-------------------------+-------+-------++-------
Melee: Long sword        |    91 |    70 ||   161
       Bite              |     9 |     5 ||    14
  Use: Potion            |     1 |     3 ||     4
       Scroll            |       |     1 ||     1
 Stab: Sleeping          |     4 |     6 ||    10
Armor: Leather armour    |    24 |    18 ||    42
Dodge: Dodged            |    85 |    92 ||   177
       Rpst.: Long sword |    24 |    29 ||    53
